 Dungeon Crawl Stone Soup version 0.23-a0-650-ga4d50d4 (webtiles) character file.

81710 Borgoz the Severer (level 15, -11/141 HPs)
             Began as a Hill Orc Monk on Jan 5, 2019.
             Was an Elder of Beogh.
             Mangled by an entropy weaver (13 damage)
             ... on level 3 of the Lair of Beasts.
             The game lasted 01:13:57 (34178 turns).

Borgoz the Severer (Hill Orc Monk)                 Turns: 34178, Time: 01:13:58

Health: -11/141    AC:  7    Str: 16    XL:     15   Next: 71%
Magic:  21/21      EV: 14    Int: 10    God:    Beogh [****..]
Gold:   1587       SH:  7    Dex: 21    Spells: 22/22 levels left

rFire    . . .     SeeInvis .   q - +1 war axe (chop)
rCold    . . .     Gourm    .   d - +0 buckler {AC+3}
rNeg     . . .     Faith    .   M - +2 chain mail {MR+}
rPois    +         Spirit   .   (no helmet)
rElec    .         Reflect  .   (no cloak)
rCorr    +         Harm     .   k - +0 pair of gloves {Dex+3}
MR       ++...                  (no boots)
Stlth    ..........             G - amulet of rage
HPRegen  0.33/turn              n - ring of poison resistance
MPRegen  0.17/turn              A - ring of resist corrosion

@: corroded
A: no striking features
a: Smiting, Recall Orcish Followers, Renounce Religion, Evoke Berserk Rage


You were on level 3 of the Lair of Beasts.
You worshipped Beogh.
Beogh was greatly pleased with you.
You were hungry.

You visited 5 branches of the dungeon, and saw 25 of its levels.
You also visited: Volcano.

You collected 3006 gold pieces.
You spent 1419 gold pieces at shops.

Inventory:

Hand Weapons
 q - a +1 war axe of chopping (weapon)
 z - a +0 executioner's axe of electrocution
Armour
 d - a +0 buckler of protection (worn)
 k - a +0 pair of gloves of dexterity (worn)
 x - a +2 leather armour of fire resistance
 M - a +2 chain mail of magic resistance (worn)
 O - a +0 ring mail of cold resistance
Jewellery
 b - an uncursed ring of protection from fire
 j - a +3 ring of intelligence
 m - a +2 amulet of reflection
 n - a ring of poison resistance (left hand)
 s - the amulet "Aggoqemn" {Regen+ Dex+2 SInv}
   (You acquired it on level 13 of the Dungeon)

   [amulet of regeneration]

   It affects your dexterity (+2).
   It lets you see invisible.
   It increases your rate of regeneration.
 A - a ring of resist corrosion (right hand)
 C - an uncursed ring of ice
 G - an amulet of rage (around neck)
 J - a +3 ring of strength
Wands
 t - a wand of polymorph (4)
 y - a wand of flame (15)
 E - a wand of scattershot (2)
Scrolls
 e - 8 scrolls of teleportation
 f - a scroll of identify
 g - 4 scrolls of enchant armour
 o - 3 scrolls of enchant weapon
 p - a scroll of summoning
 r - 5 scrolls of blinking
 u - 3 scrolls of amnesia
 v - a scroll of magic mapping
 D - 2 scrolls of fog
 H - 7 scrolls of remove curse
Potions
 a - 3 potions of flight
 h - a potion of brilliance
 i - 7 potions of curing
 l - 2 potions of resistance
 w - a potion of heal wounds
 B - 4 potions of might
Comestibles
 c - 25 rations


   Skills:
 + Level 15.1 Fighting
 + Level 16.2 Axes
 + Level 13.8 Armour
 + Level 11.2 Dodging
 - Level 1.5 Stealth
 - Level 6.8 Shields
 + Level 4.0 Spellcasting
 - Level 6.0 Evocations


You had 22 spell levels left.
You didn't know any spells.
Your spell library contained the following spells:

 Spells                   Type           Power        Failure   Level  Hunger
 Apportation              Tloc           #.....       91%         1    #......
 Beastly Appendage        Tmut           #.....       91%         1    #......
 Confusing Touch          Hex            #.....       91%         1    #......
 Magic Dart               Conj           #...         91%         1    #......
 Sandblast                Erth           #.....       91%         1    #......
 Summon Butterflies       Summ           #.......     91%         1    #......
 Passwall                 Tmut/Erth      #.......     97%         2    ##.....
 Searing Ray              Conj           #.....       97%         2    ##.....
 Sticks to Snakes         Tmut           #.......     97%         2    ##.....
 Confuse                  Hex            #.......     99%         3    ###....
 Dazzling Spray           Conj/Hex       #.....       99%         3    ###....
 Gell's Gravitas          Tloc           #.........   99%         3    ###....
 Lesser Beckoning         Tloc           #.........   99%         3    ###....
 Spider Form              Tmut/Pois      #.........   99%         3    ###....
 Stone Arrow              Conj/Erth      #.....       99%         3    ###....
 Tukima's Dance           Hex            #.......     99%         3    ###....
 Force Lance              Conj/Tloc      #.......     100%        4    #####..
 Fulminant Prism          Conj/Hex       #.........   100%        4    #####..
 Ice Form                 Ice/Tmut       #.......     100%        4    #####..
 Iskenderun's Mystic Bla  Conj           #.......     100%        4    #####..
 Petrify                  Tmut/Erth      #.......     100%        4    #####..
 Alistair's Intoxication  Tmut/Pois      #.......     100%        5    ######.
 Blade Hands              Tmut           #.........   100%        5    ######.
 Lee's Rapid Deconstruct  Erth           #.........   100%        5    ######.
 Metabolic Englaciation   Hex/Ice        #.........   100%        5    ######.
 Yara's Violent Unravell  Hex/Tmut       #.........   100%        5    ######.
 Invisibility             Hex            #.......     100%        6    #######


Dungeon Overview and Level Annotations

Branches:
Dungeon (15/15)            Temple (1/1) D:6            Lair (6/6) D:8
  Swamp (0/4) Lair:3       Spider (1/4) Lair:3        Slime (0/5) Lair:5
    Orc (2/2) D:9             Elf (0/3) Orc:2        Vaults (0/5) D:14
 Depths: D:15

Altars:
Ashenzari
Cheibriados
Dithmenos
Elyvilon
Fedhas
Gozag
Hepliaklqana
Kikubaaqudgha
Makhleb
Nemelex Xobeh
Okawaru
Qazlal
Ru
Sif Muna
Trog
Uskayaw
Vehumet
Wu Jian
Xom
Yredelemnul
Zin
The Shining One
Beogh
Jiyva

Shops:
D:4 *(*=   D:12 ?   Orc:2 =(:[


Message History

The entropy weaver is almost dead.
The entropy weaver hits you!
* * * LOW HITPOINT WARNING * * *
The entropy weaver closely misses you. The entropy weaver hits you.
* * * LOW HITPOINT WARNING * * *
The entropy weaver hits you.
* * * LOW HITPOINT WARNING * * *
You fail to use your ability.
The entropy weaver mumbles some strange words.
The entropic weave corrodes you! The entropy weaver hits you.
* * * LOW HITPOINT WARNING * * *
You block the entropy weaver's attack. The entropy weaver hits you!
* * * LOW HITPOINT WARNING * * *
The entropy weaver barely misses you.
You hit the entropy weaver.
The entropy weaver is almost dead.
You miss the entropy weaver.
The entropy weaver is almost dead.
The entropy weaver hits you!
You die...

...##.....##......##.......P.....
...##.....##...........###.P##.#.
..........##..........####..#P...
...P#.....#....................#.
...##.............#...##........#
...##........##...##.............
#..##.......##.#....#..#####.....
##..#.....P..##...##..##.#P.#..#P
................@a...............
.............##..................
...........†.#.#...##............
............###..###.............
..............#....#...........).
.................................
...........###....#....###>..##..
P#.####....###...###..####.######
...#.#............##..###P.##.###


You could see an entropy weaver.

Vanquished Creatures
  Rupert (Lair:6)
  An orc warlord (Orc:1)
  A red draconian (Volcano)
  Josephine (Orc:1)
  A yaktaur captain (D:14)
  Harold (D:9)
  7 hydras
  A catoblepas (D:14)
  A merfolk avatar (Lair:6)
  A death knight (D:13)
  A centaur warrior (D:13)
  A tengu warrior (D:13)
  3 two-headed ogres
  2 orc high priests (Orc:2)
  Urug (Orc:2)
  Sonja (Lair:6)
  Nergalle (Lair:4)
  A salamander mystic (Volcano)
  An unseen horror (D:11)
  A swamp dragon (shapeshifter) (D:14)
  A harpy (Lair:6)
  3 orc knights
  An oklob plant (Lair:3)
  A wolf spider (Lair:3)
  6 ugly things
  3 manticores (D:14)
  2 cyclopes
  A deep elf mage (D:14)
  4 salamanders (Volcano)
  5 black mambas
  A guardian serpent (shapeshifter) (D:13)
  11 elephants
  2 molten gargoyles (Volcano)
  A gargoyle (D:13)
  Maurice (Orc:2)
  14 spiny frogs
  5 centaur skeletons
  The ghost of Tungsten the Skirmisher, a novice OpAK of Lugonu (D:6)
  12 komodo dragons
  A freezing wraith (D:13)
  3 rime drakes
  A komodo dragon (shapeshifter) (D:14)
  A demonic crawler (Lair:3)
  3 tengu conjurers
  3 polar bears (Lair:6)
  5 trolls
  Grinder (D:4)
  A wind drake (Lair:6)
  2 hornets
  4 dream sheep
  9 hippogriffs
  12 blink frogs
  8 wraiths
  2 tarantellas (Lair:3)
  4 redbacks (Lair:3)
  A shadow (D:13)
  2 wyverns
  A steam dragon (Lair:4)
  4 basilisks
  40 yaks
  Grum (D:9)
  A fire bat (Volcano)
  A soldier ant (D:14)
  Edmund (D:6)
  5 wargs
  Duvessa (D:6)
  A soldier ant (shapeshifter) (D:14)
  13 water moccasins
  2 acid dragons
  A floating eye (shapeshifter) (D:14)
  7 porcupines
  4 sky beasts
  A hornet zombie (D:11)
  31 orc warriors
  2 phantoms
  2 black bears
  18 wolves
  2 eyes of draining
  13 ogres
  2 ice beasts
  A centaur (D:13)
  13 crocodiles
  A big kobold (D:10)
  2 wyvern zombies
  24 bullfrogs
  A gnoll sergeant (D:10)
  9 scorpions
  Dowan (D:6)
  7 wights
  12 killer bees (D:10)
  A howler monkey (D:12)
  5 lava snakes (Volcano)
  4 crimson imps
  5 centaur zombies
  3 hounds
  27 orc wizards
  4 bullfrog zombies
  6 jellies
  20 orc priests
  2 bullfrog skeletons
  13 worker ants
  3 hell rats (Lair:6)
  9 iguanas
  A killer bee zombie (D:6)
  A hound zombie (D:6)
  3 hound skeletons (D:6)
  A howler monkey zombie (D:6)
  12 adders
  5 gnolls
  6 shadow imps
  6 oozes
  4 adder zombies (D:6)
  An adder skeleton (D:4)
  4 worms
  4 leopard geckos
  113 orcs
  A ball python (D:1)
  5 bats
  9 giant cockroaches
  6 goblins
  4 hobgoblins
  11 kobolds
  5 quokkas
  3 frilled lizards
  2 giant cockroach zombies (D:6)
  3 jackal skeletons
  2 leopard gecko skeletons
  A leopard gecko zombie (D:6)
  8 rats
  A bush (Lair:3)
  7 fungi
  3 plants
726 creatures vanquished.

Vanquished Creatures (collateral kills)
  A manticore (Lair:6)
  A spiny frog (Lair:6)
  A komodo dragon (Lair:6)
  2 water moccasins (Lair:6)
  A hell rat (Lair:6)
6 creatures vanquished.

Vanquished Creatures (others)
  An orc knight (Lair:6)
  An orc priest (Lair:6)
  3 orc wizards (Lair:6)
  2 orcs (Orc:1)
  15 fungi
  8 plants (Lair:6)
30 creatures vanquished.

Grand Total: 762 creatures vanquished

Notes
Turn   | Place    | Note
-------+----------+-------------------------------------------
     0 | D:1      | Borgoz the Hill Orc Monk began the quest for the Orb.
     0 | D:1      | Reached XP level 1. HP: 19/19 MP: 1/1
   121 | D:1      | Reached XP level 2. HP: 27/27 MP: 2/2
   190 | D:1      | Reached skill level 1 in Armour
   513 | D:2      | Reached XP level 3. HP: 28/33 MP: 3/3
   772 | D:2      | You fall through a shaft!
   884 | D:2      | Reached XP level 4. HP: 26/40 MP: 4/4
  1100 | D:2      | Reached skill level 1 in Shields
  1503 | D:3      | Found a bloodstained altar of Trog.
  1592 | D:3      | Found a faded altar of an unknown god.
  1670 | D:3      | Found a blossoming altar of Fedhas.
  1793 | D:3      | Reached XP level 5. HP: 37/47 MP: 5/5
  2214 | D:4      | Found a sparkling altar of Nemelex Xobeh.
  2224 | D:4      | Found Safiozxa's Assorted Antiques.
  2227 | D:4      | Bought a scroll of identify for 46 gold pieces
  2227 | D:4      | Bought a triangular emerald amulet for 115 gold pieces
  2280 | D:4      | You fall through a shaft!
  2280 | D:5      | Entered Level 5 of the Dungeon
  2280 | D:5      | Found an opulent altar of Gozag.
  2362 | D:5      | Reached skill level 5 in Axes
  2369 | D:4      | Noticed an ogre
  2472 | D:5      | Reached XP level 6. HP: 46/55 MP: 6/6
  2476 | D:5      | Reached skill level 5 in Fighting
  2546 | D:4      | Noticed Grinder
  2747 | D:4      | Found Aruxics's General Store.
  2750 | D:4      | Bought 2 scrolls of identify for 40 gold pieces
  2995 | D:4      | Found Zepad's Jewellery Boutique.
  3042 | D:4      | Reached XP level 7. HP: 61/61 MP: 7/7
  3058 | D:4      | Paralysed by Grinder for 5 turns
  3063 | D:4      | Killed Grinder
  3063 | D:4      | Reached skill level 6 in Axes
  3231 | D:4      | Found Uxaoclog's Antique Weapon Shoppe.
  3474 | D:4      | Reached XP level 8. HP: 70/70 MP: 8/8
  4133 | D:6      | Found a basalt altar of Yredelemnul.
  4253 | D:6      | Found a runed door.
  4282 | D:6      | Noticed Tungsten's ghost (novice OpAK)
  4493 | D:6      | Found a staircase to the Ecumenical Temple.
  4523 | D:6      | Reached skill level 7 in Axes
  4530 | Temple   | Entered the Ecumenical Temple
  4809 | D:6      | Noticed Edmund
  4815 | D:6      | Killed Edmund
  4815 | D:6      | Reached skill level 5 in Armour
  5094 | D:6      | Found a glowing silver altar of Zin.
  5141 | D:6      | Reached skill level 5 in Shields
  5185 | D:6      | Noticed Duvessa
  5185 | D:6      | Noticed Dowan
  5193 | D:6      | Killed Dowan
  5193 | D:6      | Reached XP level 9. HP: 63/79 MP: 9/9
  5203 | D:6      | Killed Duvessa
  5443 | D:6      | Reached skill level 5 in Dodging
  5560 | D:6      | Found a sacrificial altar of Ru.
  5638 | D:7      | Reached skill level 8 in Axes
  6364 | D:7      | You fall through a shaft!
  6390 | D:8      | Noticed a red ugly thing
  6409 | D:8      | Killed a red ugly thing
  6882 | D:8      | Noticed a troll
  6890 | D:8      | Killed a troll
  6890 | D:8      | Reached skill level 9 in Axes
  6890 | D:8      | Reached XP level 10. HP: 59/89 MP: 10/10
  7145 | D:8      | Found an ornate altar of the Wu Jian Council.
  7154 | D:8      | Found a staircase to the Lair.
  7321 | D:8      | Found a snail-covered altar of Cheibriados.
  7397 | D:8      | Found a bloodstained altar of Trog.
  7398 | D:8      | Found an ancient bone altar of Kikubaaqudgha.
  7943 | D:9      | Noticed Harold
  8133 | D:9      | Noticed Grum
  8160 | D:9      | Killed Grum
  8529 | D:9      | Found a staircase to the Orcish Mines.
  8638 | Orc:1    | Entered Level 1 of the Orcish Mines
  8899 | D:6      | Killed Tungsten's ghost
  9028 | Orc:2    | Entered Level 2 of the Orcish Mines
  9041 | Orc:1    | Reached skill level 10 in Axes
  9672 | Orc:2    | Noticed an orc high priest
  9839 | Orc:2    | Noticed a sun demon
  9840 | Orc:2    | Noticed a smoke demon
  9841 | Orc:2    | Killed an orc high priest
  9841 | Orc:2    | Reached XP level 11. HP: 54/99 MP: 11/11
 10147 | Orc:1    | Noticed Urug
 10158 | Orc:1    | Noticed Josephine
 10232 | Orc:2    | Found a staircase to the Elven Halls.
 10408 | Orc:2    | Reached skill level 10 in Fighting
 11252 | Orc:2    | Found a roughly hewn altar of Beogh.
 11333 | Lair:1   | Entered Level 1 of the Lair of Beasts
 11617 | Lair:1   | Reached skill level 11 in Axes
 11767 | Lair:1   | Noticed a four-headed hydra
 12019 | D:4      | Bought an uncursed amulet of rage for 520 gold pieces
 12019 | D:4      | Bought an uncursed ring of poison resistance for 260 gold
                  | pieces
 12195 | D:9      | Killed Harold
 12888 | D:10     | Entered Level 10 of the Dungeon
 14192 | D:11     | Noticed a two-headed ogre
 14288 | D:11     | Killed a two-headed ogre
 14458 | D:11     | Noticed a purple ugly thing
 14494 | D:11     | Reached skill level 12 in Axes
 14614 | D:11     | Reached skill level 1 in Evocations
 14678 | D:11     | Reached XP level 12. HP: 95/110 MP: 12/12
 14955 | D:11     | Reached skill level 10 in Armour
 15552 | D:12     | Found Ydghae's Magic Scroll Shoppe.
 15589 | D:12     | Bought a scroll of identify for 30 gold pieces
 15589 | D:12     | Bought a scroll of identify for 30 gold pieces
 15589 | D:12     | Bought a scroll of blinking for 112 gold pieces
 15593 | D:12     | Identified a scroll of acquirement
 16208 | D:12     | Noticed a two-headed ogre
 16217 | D:12     | Killed a two-headed ogre
 16394 | D:13     | Noticed a tengu warrior
 16430 | D:13     | Killed a tengu warrior
 16727 | D:13     | Noticed a centaur warrior
 16752 | D:13     | Killed a centaur warrior
 16932 | D:13     | Noticed a two-headed ogre
 16942 | D:13     | Killed a two-headed ogre
 17018 | D:13     | Reached skill level 13 in Axes
 17022 | D:13     | Noticed a death knight
 18232 | Orc:2    | Noticed an orc high priest
 18240 | Orc:2    | Killed an orc high priest
 18240 | Orc:2    | Reached XP level 13. HP: 118/118 MP: 16/16
 18248 | Orc:2    | Noticed an orc warlord
 18601 | Orc:1    | Killed an orc warlord
 18640 | Orc:2    | Reached skill level 5 in Evocations
 19116 | Orc:2    | Found a roughly hewn altar of Beogh.
 19246 | Orc:2    | Found a roughly hewn altar of Beogh.
 19365 | Orc:2    | Found Xumpasev's Jewellery Boutique.
 19440 | Orc:2    | Found Ducvaxy's Antique Armour Shop.
 19441 | Orc:2    | Found a roughly hewn altar of Beogh.
 19442 | Orc:2    | Found Yxkargh's Antique Weapon Boutique.
 19449 | Orc:2    | Bought a warped leather armour for 266 gold pieces
 19559 | Orc:2    | Found a roughly hewn altar of Beogh.
 19670 | Orc:2    | Identified the +2 leather armour "Reumn" {rElec Dex+2
                  | Stlth+} (You bought it in a shop on level 2 of the Orcish
                  | Mines)
 19674 | Orc:2    | Found a roughly hewn altar of Beogh.
 19676 | Orc:2    | Found Bic Ceac's Book Shoppe.
 20145 | Orc:1    | Noticed Maurice
 20215 | Orc:2    | Killed Maurice
 20245 | Orc:2    | Killed Urug
 21127 | Orc:1    | Killed Josephine
 21164 | Orc:1    | Found a radiant altar of Vehumet.
 22187 | D:13     | Got a clouded lead amulet
 22189 | D:13     | Identified the amulet "Aggoqemn" {Regen+ Dex+2 SInv} (You
                  | acquired it on level 13 of the Dungeon)
 22662 | D:13     | Reached skill level 14 in Axes
 23084 | D:14     | Found a gate to the Vaults.
 23087 | D:14     | Paralysed by a floating eye for 2 turns
 23770 | D:14     | Noticed a yaktaur captain
 23789 | D:14     | Killed a yaktaur captain
 23789 | D:14     | Reached XP level 14. HP: 80/129 MP: 18/18
 23866 | D:14     | Got a bloodstained hunting sling
 24130 | D:14     | HP: 4/129 [catoblepas (15)]
 24491 | D:15     | Entered Level 15 of the Dungeon
 24888 | Orc:2    | Became a worshipper of Beogh the Brigand
 24888 | Orc:2    | Reached * piety under Beogh
 24888 | Orc:2    | Reached ** piety under Beogh
 25071 | Lair:1   | Reached skill level 10 in Dodging
 25148 | Lair:1   | Identified the +4 hunting sling of Honour {velocity, rF+
                  | Int+6 Dex-4} (You found it on level 14 of the Dungeon)
 25777 | Lair:2   | Found a dark tunnel.
 25796 | Volcano  | Entered a volcano
 26039 | Volcano  | Found a bloodstained altar of Trog.
 26202 | Volcano  | Noticed a red draconian
 26229 | Volcano  | Killed a red draconian
 26382 | Volcano  | Reached skill level 15 in Axes
 27707 | Lair:3   | Reached *** piety under Beogh
 27748 | Lair:3   | Reached skill level 1 in Spellcasting
 27818 | Lair:3   | Found a staircase to the Swamp.
 28011 | Lair:3   | Found a hole to the Spider Nest.
 29057 | Lair:4   | You fall through a shaft!
 29170 | Lair:4   | Noticed Nergalle
 29180 | Lair:4   | Killed Nergalle
 29954 | Lair:5   | Reached XP level 15. HP: 121/139 MP: 19/19
 29974 | Lair:5   | Found a viscous altar of Jiyva.
 29974 | Lair:5   | Found a staircase to the Slime Pits.
 30739 | Lair:6   | Entered Level 6 of the Lair of Beasts
 30757 | Lair:6   | Reached **** piety under Beogh
 30841 | Lair:6   | Noticed Rupert
 30845 | Lair:6   | Paralysed by Rupert for 5 turns
 32058 | Lair:6   | Gained Arkwar as an ally
 32206 | Lair:6   | Your ally Arkwar died
 32384 | Lair:6   | Reached skill level 16 in Axes
 32605 | Lair:6   | Noticed Sonja
 32615 | Lair:6   | Killed Sonja
 32954 | Lair:6   | Reached skill level 15 in Fighting
 33558 | Lair:6   | Killed Rupert
 33713 | Spider:1 | Entered Level 1 of the Spider Nest
 34176 | Lair:3   | HP: 1/141 [entropy weaver (13)]
 34178 | Lair:3   | Mangled by an entropy weaver

Vault maps used:
D:1:      erik_arrival_blinker_ship
D:3:      fedhas_altar_4, first_ration, chequers_ecumenical_altar_simple,
          trog_hazing_becter
D:4:      nemelex_xobeh_ov_fountains_minmay, serial_shops, shop, shop,
          kennysheep_mini, shop, uniq_grinder
D:5:      nicolae_gozag_seed_capital
D:6:      old_standard_altar, nicolae_overflow_crystal_walls,
          kennysheep_mini_moat, minmay_temple_entry_gardened_gates,
          ebering_ghost_reflecting_pool, serial_undead, serial_undead_e,
          serial_undead_b, serial_undead_c, serial_undead_e, serial_undead_e,
          serial_undead_a, serial_undead_d, serial_undead_a, serial_undead_f,
          serial_undead_f, hangedman_decor_clover_reticule,
          hangedman_abyss_or_decor_stagger,
          hangedman_abyss_or_decor_jellyfish_corner, uniq_edmund, uniq_duvessa
D:8:      nicolae_overflow_hidden_temple, lair_entry_dummy
D:9:      hiddenorc1_lemuel, uniq_harold, uniq_grum
D:10:     wander_river, hangedman_little_slice_of_home
D:11:     minivault_23, minmay_tree_intersection
D:12:     serial_shops, shop_fountains, chequers_mini_garden
D:13:     minmay_diced_spiral
D:14:     david_vaults_2, kennysheep_just_a_vault
D:15:     gammafunk_depths_entry_grave, minmay_misc_feat_x,
          nicolae_dithmenos_shadow_blocks
Temple:   minmay_temple_bridge_abc
Lair:1:   nicolae_quartered_pool_little, grunt_megastairs_5
Lair:2:   lightli_volcano_entry_magma_tube
Lair:3:   swamp_mist_pool, nicolae_spider_entry_non_spiders,
          minmay_lair_oklob_bushes
Lair:4:   uniq_nergalle
Lair:5:   slime_altar_1, lemuel_fruit_tree
Lair:6:   gammafunk_lair_ancient_temple, uniq_rupert, uniq_sonja
Orc:1:    basic_altar, uniq_maurice, uniq_urug, uniq_josephine
Orc:2:    grunt_orc_community_town_hall, grunt_orc_community_big_house_2,
          grunt_orc_community_big_house_1, grunt_orc_community_house_2,
          grunt_orc_community_house_3, grunt_orc_community_house_3,
          grunt_orc_community_house_1
Volcano:  volcano_lake

Skill      XL: |  1  2  3  4  5  6  7  8  9 10 11 12 13 14 15 |
---------------+----------------------------------------------+-----
Armour         | 1 2 3 4 5 6 8 9 10 12 13 | 13.8
Fighting       | 4 5 6 7 8 9 11 12 13 14 15 | 15.1
Shields        | 1 2 3 5 6 |  6.8
Dodging        | 3 4 5 6 7 8 9 10 11 | 11.2
Axes           | 5 6 7 9 10 12 13 14 15 16 | 16.2
Evocations     | 1 4 6 |  6.0
Spellcasting   | 2 4 |  4.0
Stealth        | |  1.5

Action                   |  1- 3 |  4- 6 |  7- 9 | 10-12 | 13-15 || total
-------------------------+-------+-------+-------+-------+-------++-------
Melee: Hand axe          |    80 |    85 |       |       |       ||   165
       War axe           |       |    90 |   296 |   965 |  1348 ||  2699
       Battleaxe         |       |       |       |       |   171 ||   171
Invok: Smiting           |       |       |       |       |     4 ||     4
       Recall Orcish Fol |       |       |       |       |     1 ||     1
 Abil: Evoke Berserk Rag |       |       |       |     9 |     5 ||    14
Evoke: Wand              |       |       |       |       |    30 ||    30
  Use: Scroll            |       |    10 |     5 |    13 |    15 ||    43
       Potion            |       |     1 |     5 |     2 |     5 ||    13
 Stab: Sleeping          |     3 |     2 |       |       |     2 ||     7
       Distracted        |       |       |       |       |     3 ||     3
  Eat: Chunk             |       |     6 |    14 |    37 |    36 ||    93
       Ration            |       |       |       |     2 |     6 ||     8
Armor: Robe              |    22 |     3 |       |       |       ||    25
       Ring mail         |       |    59 |    93 |    47 |       ||   199
       Skin              |       |     4 |    44 |       |     3 ||    51
       Leather armour    |       |       |       |    35 |    13 ||    48
       Scale mail        |       |       |       |   192 |   126 ||   318
       Chain mail        |       |       |       |       |   311 ||   311
Dodge: Dodged            |    41 |    90 |   164 |   581 |   920 ||  1796
Block: Buckler           |    12 |    30 |    81 |   290 |   369 ||   782

Table legend:
 A = Non-vault XP
 B = Vault XP
 C = Vault XP percentage of total XP
 D = Non-vault monster count
 E = Vault monster count
 F = Vault count percentage of total count
                 A         B        C        D         E       F
            +---------+---------+-------+---------+---------+-------
      Total |   80068 |   36661 |  31.4 |     526 |     195 |  27.0
            +---------+---------+-------+---------+---------+-------
        D:1 |      29 |       0 |   0.0 |      15 |       0 |   0.0
        D:2 |      51 |       0 |   0.0 |      13 |       0 |   0.0
        D:3 |     106 |      10 |   8.6 |      20 |       6 |  23.1
        D:4 |     515 |     281 |  35.3 |      22 |       1 |   4.3
        D:5 |     227 |       0 |   0.0 |      10 |       0 |   0.0
        D:6 |     834 |    1077 |  56.4 |      22 |      22 |  50.0
        D:7 |    1142 |       0 |   0.0 |      21 |       0 |   0.0
        D:8 |    1451 |       0 |   0.0 |      10 |       0 |   0.0
        D:9 |    1144 |    1740 |  60.3 |      13 |      22 |  62.9
       D:10 |    2980 |     162 |   5.2 |      45 |       8 |  15.1
       D:11 |    3942 |       0 |   0.0 |      24 |       0 |   0.0
       D:12 |    3835 |       0 |   0.0 |      22 |       0 |   0.0
       D:13 |   10240 |    1551 |  13.2 |      30 |       5 |  14.3
       D:14 |    7524 |    2053 |  21.4 |      26 |       4 |  13.3
     Lair:1 |    3954 |    1130 |  22.2 |      17 |       5 |  22.7
     Lair:2 |    2728 |       0 |   0.0 |      13 |       0 |   0.0
     Lair:3 |    9292 |    1145 |  11.0 |      35 |       9 |  20.5
     Lair:4 |    5722 |     808 |  12.4 |      25 |       1 |   3.8
     Lair:5 |    7812 |    1750 |  18.3 |      28 |       3 |   9.7
     Lair:6 |   10434 |   10798 |  50.9 |      43 |      23 |  34.8
      Orc:1 |    1849 |    2999 |  61.9 |      31 |       5 |  13.9
      Orc:2 |    4257 |    5696 |  57.2 |      41 |      67 |  62.0
    Volcano |       0 |    5461 | 100.0 |       0 |      14 | 100.0
            +---------+---------+-------+---------+---------+-------
